 Dungeon Crawl Stone Soup version 0.13.0-3-g966e3ec (webtiles) character file.

197 Narretz the Charmwright (level 4, -11/29 HPs)
             Began as a High Elf Skald on Oct 13, 2013.
             Killed by divine providence
             ... invoked by an orc priest
              (12 damage)
             ... on Level 3 of the Dungeon.
             The game lasted 00:14:47 (2505 turns).

Narretz the Charmwright (High Elf Skald)            Turns: 2505, Time: 00:14:47

HP -11/29        AC  4     Str 12      XL: 4   Next: 68%
MP  11/12        EV 11     Int 15      God:
Gold 82          SH  0     Dex 15      Spells:  2 memorised,  6 levels left

Res.Fire  : . . .   See Invis. : .   a - +0 elf falchion
Res.Cold  : . . .   Warding    : .   b - +0 elf leather armour
Life Prot.: . . .   Conserve   : .   (no shield)
Res.Poison: .       Res.Corr.  : +   y - +0 cap
Res.Elec. : .       Clarity    : .   (no cloak)
Sust.Abil.: . .     Spirit.Shd : .   g - +0 pair of orc gloves
Res.Mut.  : .       Stasis     : .   (no boots)
Res.Rott. : .       Flight     : .   e - amulet of resist corrosion {unknown}
Saprovore : . . .                    (no ring)
                                     (no ring)

@: slightly resistant to hostile enchantments, unstealthy
A: no striking features
a: no special abilities


You were on level 3 of the Dungeon.
You were not hungry.

You visited 1 branch of the dungeon, and saw 3 of its levels.

You collected 62 gold pieces.

Inventory:

Hand weapons
 a - a +0,+0 elven falchion (weapon)
 p - a +0,+0 sabre
 w - a cursed +0,-2 spear
Missiles
 f - 21 darts
 v - 12 javelins (quivered)
Armour
 b - a +0 elven leather armour (worn)
 g - a +0 pair of orcish gloves (worn)
 u - a +0 large shield
 y - a +0 cap (worn)
Comestibles
 d - 2 bread rations
 r - 2 chunks of orc flesh
 s - an apple
 z - 14 sultanas
Scrolls
 h - a scroll of enchant armour {unknown}
 j - a scroll of identify {unknown}
 n - 2 scrolls of curse armour {unknown}
 o - a scroll of recharging {unknown}
 q - a scroll of enchant weapon I {unknown}
 t - a scroll of blinking {unknown}
 x - 3 scrolls of remove curse {unknown}
 A - a scroll of random uselessness {unknown}
Jewellery
 e - an amulet of resist corrosion (around neck) {unknown}
Potions
 i - a potion of curing
 k - 2 potions of confusion {unknown}
 l - a potion of might {unknown}
 m - a potion of heal wounds {unknown}
Books
 c - a book of Battle

   Spells                             Type                      Level
   *Infusion                          Charms                       1
   Shroud of Golubria                 Charms/Translocation         2
   *Song of Slaying                   Charms                       2
   Spectral Weapon                    Hexes/Charms                 3
   Regeneration                       Charms/Necromancy            3
   Song of Shielding                  Charms                       4


   Skills:
 + Level 2.6 Fighting
 + Level 3.2 Long Blades
 + Level 1.1 Armour
 + Level 2.5 Dodging
 + Level 0.5 Stealth
 + Level 3.0 Spellcasting
 + Level 4.4 Charms


You had 6 spell levels left.
You knew the following spells:

 Your Spells              Type           Power        Failure   Level  Hunger
a - Infusion              Chrm           ###...       3%          1    #......
b - Song of Slaying       Chrm           ###.......   6%          2    ##.....


Dungeon Overview and Level Annotations

Branches:
Dungeon (3/27)

Altars:

Annotations:
D:2 exclusion: downstairs


Message History

You hit the orc but do no damage. The orc barely misses you.
You hit the orc but do no damage. The orc barely misses you.
You barely miss the orc. The orc hits you but does no damage.
You barely miss the orc. The orc hits you with an orcish club!
You barely miss the orc. The orc hits you but does no damage.
You hit the orc.
The orc is lightly wounded.
The orc misses you.
Casting: Infusion
Confirm with . or Enter, or press ? or * to list all spells.
Your attacks are magically infused.
The orc hits you with an orcish club.
* * * LOW HITPOINT WARNING * * *
You hit the orc but do no damage.
The orc is lightly wounded.
The orc hits you with an orcish club.
* * * LOW HITPOINT WARNING * * *
The orc priest shouts!
The orc priest calls down the wrath of Beogh upon you.
Something smites you!
You die...

#.......##......###....
#.......##......###....
#.......##.............
#.......##.............
#.......##.............
#.((...................
#..........##..######..
#.. ###..........##..# #..
####.####...!...@....##..#
'..
....)...#............##..#
≈'..
........#.....o.......#..#
≈#..
........#.............#..#
#..
.............<........#...
...
............).............
...........o..............
............####.......
....####.......##.....


You could see an orc priest and an orc.

Vanquished Creatures
  3 adders
  An inept item mimic (D:2)
  3 giant geckos (D:1)
  2 orcs (D:3)
  3 giant cockroaches
  11 goblins
  6 hobgoblins
  12 jackals
  4 kobolds
  15 bats
  2 giant newts (D:2)
  12 rats
74 creatures vanquished.

Notes
Turn   | Place    | Note
--------------------------------------------------------------
     0 | D:1      | Narretz, the High Elf Skald, began the quest for the Orb.
     0 | D:1      | Reached XP level 1. HP: 13/13 MP: 4/4
   440 | D:1      | Reached XP level 2. HP: 13/18 MP: 6/6
   465 | D:1      | Reached skill level 4 in Charms
   476 | D:1      | Learned a level 2 spell: Song of Slaying
   933 | D:1      | Reached XP level 3. HP: 23/23 MP: 8/8
  1496 | D:2      | Reached skill level 1 in Armour
  1730 | D:2      | Reached XP level 4. HP: 12/29 MP: 11/11
  2501 | D:3      | HP: 1/29 [orc/orcish club (6)]
  2505 | D:3      | Killed from afar by an orc priest

Action                   |  1- 3 |  4- 6 || total
-------------------------+-------+-------++-------
Melee: Falchion          |   159 |    56 ||   215
Throw: Javelin           |       |     7 ||     7
       Dart              |       |     1 ||     1
 Cast: Infusion          |     8 |     5 ||    13
       Song of Slaying   |     6 |     2 ||     8
  Use: Potion            |       |     1 ||     1
